 Dungeon Crawl Stone Soup version 0.29-a0-43-g62a80824bf (webtiles) character file.

Game seed: 11265641492059134201

12 Hubjo the Grasshopper (level 2, 0/22 HPs)
             Began as a Vampire Warper on Feb 2, 2022.
             Was a Follower of Qazlal.
             Slain by a goblin (2 damage)
             ... on level 1 of the Dungeon.
             The game lasted 00:01:39 (601 turns).

Hubjo the Grasshopper (Vampire Warper)               Turns: 601, Time: 00:01:39

Health: 0/22       AC:  3    Str: 10    XL:     2   Next: 20%
Magic:  3/5        EV: 12    Int: 15    God:    Qazlal [*.....]
Gold:   58         SH:  1    Dex: 13    Spells: 3/5 levels left

rFire   . . .      SeeInvis +   a - +0 short sword
rCold   . . .      Faith    .   (no shield)
rNeg    . . .      Spirit   .   b - +0 leather armour
rPois   .          Reflect  .   (no helmet)
rElec   .          Harm     .   (no cloak)
rCorr   .          Rampage  .   (no gloves)
Will    .....                   (no boots)
Stlth   +.........              (no amulet)
HPRegen 0.27/turn               (no ring)
MPRegen 0.09/turn               (no ring)

@: healing quickly
A: alive, fangs 3, see invisible, vampiric 1
a: Exsanguinate, Renounce Religion


You were on level 1 of the Dungeon.
You worshipped Qazlal.
Qazlal was aware of your devotion.
You visited 1 branch of the dungeon, and saw 1 of its levels.

You collected 58 gold pieces.

Inventory:

Hand Weapons
 a - a +0 short sword (weapon)
Missiles
 d - 5 boomerangs of dispersal (quivered)
Armour
 b - a +0 leather armour (worn)
Scrolls
 c - a scroll of blinking
 e - a scroll of fear {unknown}
 f - a scroll of immolation {unknown}
 h - a scroll of torment
 i - a scroll of identify {unknown}
 k - a scroll of teleportation {unknown}
Potions
 g - a potion of brilliance {unknown}
 j - a potion of heal wounds {unknown}
 l - a potion of curing {unknown}
 m - a potion of flight {unknown}


   Skills:
 + Level 1.8 Fighting
 + Level 2.4 Short Blades
 + Level 1.0 Throwing
 + Level 0.9 Armour
 + Level 2.3 Dodging
 + Level 2.1 Spellcasting
 + Level 2.5 Translocations


You had 3 spell levels left.
You knew the following spells:

 Your Spells              Type           Power      Damage    Failure   Level
a - Blink                 Tloc           18%        N/A       16%         2

Your spell library contained the following spells:

 Spells                   Type           Power      Damage    Failure   Level
 Gell's Gravitas          Tloc           9%         N/A       30%         3
 Lesser Beckoning         Tloc           9%         N/A       30%         3
 Teleport Other           Tloc           9%         N/A       30%         3
 Manifold Assault         Tloc           9%         N/A       96%         5


Dungeon Overview and Level Annotations

Branches:
Dungeon (1/15)

Altars:
Qazlal


Innate Abilities, Weirdness & Mutations

Your natural rate of healing is accelerated.
You have razor-sharp teeth.
You have supernaturally acute eyesight. (SInv)
You are afflicted with vampirism.


Message History

As you read the scroll labelled WYOCWA PIFFIUMO, it crumbles to dust.
Your body is wracked with pain!
The goblin convulses!
It was a scroll of torment.
The bat barely misses you.
The ball python bites you but does no damage.
The ball python constricts you. The frilled lizard bites you.
Casting: Blink (safe; 16% risk of failure)
Confirm with . or Enter, or press ? or * to list all spells.
The ball python's grasp on you weakens, but your attempt to escape fails.
The bat hits you. You block the ball python's attack.
The ball python constricts you. The frilled lizard barely misses you.
The goblin hits you but does no damage.
Casting: Blink (safe; 16% risk of failure)
Confirm with . or Enter, or press ? or * to list all spells.
You are still too unstable to blink.
Casting: Blink (safe; 16% risk of failure)
Confirm with . or Enter, or press ? or * to list all spells.
You are still too unstable to blink.
Casting: Blink (safe; 16% risk of failure)
Confirm with . or Enter, or press ? or * to list all spells.
You are still too unstable to blink.
You escape the ball python's grasp.
The bat hits you.
Casting: Blink (safe; 16% risk of failure)
Confirm with . or Enter, or press ? or * to list all spells.
You are still too unstable to blink.
The ball python misses you. The ball python grabs you.
The ball python constricts you. The bat hits you but does no damage.
You escape the ball python's grasp.
The bat barely misses you. The bat closely misses you.
You feel stable enough to blink again. The bat barely misses you.
The bat closely misses you.
You barely miss the bat. The bat hits you. The bat closely misses you.
You hit the bat.
You kill the bat!
Qazlal accepts your kill.
You barely miss the goblin. The goblin hits you with a +3 dagger.
* * * LOW HITPOINT WARNING * * *
You closely miss the goblin. The goblin hits you with a +3 dagger.
* * * LOW HITPOINT WARNING * * *
You hit the goblin but do no damage. The goblin hits you with a +3 dagger.
You die...

. ##### .. ....# ... ....#
############## .... [...+
.......@gl...#.....
....##############S.....?...
............. +..†.......
#####.........####..........
#)............##########
#..##+#######.##
#####..#........#..#
.......#........#..# #########
#####..#........#..#####.......##


You could see a goblin, a ball python and a frilled lizard.

Vanquished Creatures
  A ball python (D:1)
  2 bats (D:1)
  An endoplasm (D:1)
  A giant cockroach (D:1)
  2 kobolds (D:1)
  A quokka (D:1)
  A frilled lizard (D:1)
  2 rats (D:1)
11 creatures vanquished.

Notes
Turn   | Place    | Note
-------+----------+-------------------------------------------
     0 | D:1      | Hubjo the Vampire Warper began the quest for the Orb.
     0 | D:1      | Reached XP level 1. HP: 16/16 MP: 3/3
   120 | D:1      | Reached skill level 1 in Throwing
   289 | D:1      | Found a faded altar of an unknown god.
   355 | D:1      | Prayed at the altar of an unknown god.
   355 | D:1      | Became a worshipper of Qazlal Stormbringer
   355 | D:1      | Reached * piety under Qazlal
   520 | D:1      | Reached XP level 2. HP: 13/22 MP: 5/5
   526 | D:1      | Learned a level 2 spell: Blink
   601 | D:1      | Slain by a goblin

Illustrated notes

Levels and vault maps discovered:
D:1:      tarquinn_simple_flora_water_f, layout_basic, basic_ecumenical_altar,
          glass_columns_c, minivault_25, columned_hall_lemuel

Skill      XL: |  1 |
---------------+----+-----
Throwing       | 1 |  1.0
Fighting       | |  1.8
Short Blades   | |  2.4
Armour         | |  0.9
Dodging        | |  2.3
Spellcasting   | |  2.1
Translocations | |  2.5

Action                   || total
-------------------------++-------
Melee: Short sword       ||    32
       Bite              ||     2
 Cast: Blink             ||     1
  Use: Scroll            ||     1
 Stab: Sleeping          ||     1
Armor: Leather armour    ||    14
Dodge: Dodged            ||    37
Block: Other             ||     3

Table legend: (Time is in decaauts)
 A = Elapsed time spent in this place.
 B = Non-inter-level travel time spent in this place.
 C = Inter-level travel time spent in this place.
 D = Time resting spent in this place.
 E = Time spent auto-exploring this place.
 F = Levels seen in this place.
 G = Mean time per level.
                   A        B        C        D        E       F      G
               +--------+--------+--------+--------+--------+-----+--------+
         Total |    600 |    544 |     56 |      0 |    452 |   1 |  600.0 |
       Dungeon |    600 |    544 |     56 |      0 |    452 |   1 |  600.0 |
               +--------+--------+--------+--------+--------+-----+--------+

Top non-repeatable levels by time:
     D:1: 600 daAuts
